Cogmind - Beta 12 @@@ ROGUE MODE // 2023.03.22 @ 22:33:49 Player: Lunatic Blue Result: Destroyed by G-47 Trooper with Particle Gun Performance ------------- Evolutions (0) 0 Regions Visited (2) 400 Robots Destroyed (34) 170 Value Destroyed (749) 749 Prototype IDs (0) 0 Alien Tech Used (0) 0 Bonus (0) 0 TOTAL SCORE: 1319 Bonus ------- None Cogmind --------- Core Integrity 0/250 Matter 295/300 Energy 249/250 System Corruption 0% Temperature Warm (176) Movement Treading (480) Ox4 Location -10/Mines Parts ------- > --- POWER (1) -------- Ion Engine > --- PROPULSION (2) --- Light Treads Wheel > --- UTILITY (2) ------ Huge Storage Unit Seismic Detector > --- WEAPON (2) ------- Light Assault Rifle > --- INVENTORY (25) --- Ion Engine Light Treads Light Treads Light Treads Wheel Flight Unit Flight Unit Flight Unit Flight Unit Flight Unit Flight Unit Heat Sink Sensor Array Signal Interpreter Terrain Scan Processor Hacking Suite Tractor Beam Small Laser Datajack Mining Laser Peak State ------------ > --- POWER ------------ Ion Engine > --- PROPULSION ------- Light Treads Wheel > --- UTILITY ---------- Improved Heat Sink Huge Storage Unit > --- WEAPON ----------- Medium Laser Assault Rifle > --- INVENTORY -------- Light Treads Compact Wheel Flight Unit Flight Unit Flight Unit Flight Unit Hacking Suite Datajack [Rating: 10] Favorites ----------- Power Ion Engine Engine Ion Engine Propulsion Light Treads Treads Light Treads Leg Aluminum Leg Wheel Wheel Utility Huge Storage Unit Device Improved Heat Sink Storage Huge Storage Unit Weapon Small Laser Energy Gun Small Laser Ballistic Gun Light Assault Rifle Special Weapon Mining Laser Special Melee Weapon Datajack Build | -11 -10 -10 ------- Run | Jun Mat Min Slots Evolved . | . . . Power . | . . . Propulsion . | . . . Utility . | . . . Weapon . | . . . Parts Attached 22 | . 22 . Power 3 | . 3 . Engine 3 | . 3 . Core . | . . . Reactor . | . . . Propulsion 6 | . 6 . Treads 3 | . 3 . Leg . | . . . Wheel 3 | . 3 . Hover . | . . . Flight . | . . . Utility 3 | . 3 . Device 2 | . 2 . Storage 1 | . 1 . Processor . | . . . Hackware . | . . . Protection . | . . . Artifact . | . . . Weapon 10 | . 10 . Energy Gun 7 | . 7 . Energy Cannon . | . . . Ballistic Gun 1 | . 1 . Ballistic Cannon . | . . . Launcher . | . . . Special Weapon 1 | . 1 . Impact Weapon . | . . . Slashing Weapon . | . . . Piercing Weapon . | . . . Special Melee Weapon 1 | . 1 . Unidentified Prototypes . | . . . Parts Lost 7 | . 6 1 Power 2 | . 2 . Propulsion 2 | . 2 . Utility . | . . . Weapon 3 | . 2 1 Highest Loss Streak 2 | . 2 1 To Critical Strikes . | . . . Average Slot Usage (%) 96 | . 96 100 Engine 13 | . 13 14 Treads 13 | . 13 14 Leg 1 | . 1 . Wheel 13 | . 13 14 Device 12 | . 12 14 Storage 14 | . 14 14 Energy Gun 13 | . 13 14 Ballistic Gun 13 | . 13 14 Naked Turns . | . . . Heaviest Build 90 | 12 90 . Greatest Support 40 | 20 40 . Greatest Overweight (x) 8 | . 8 . Average Overweight (x) 6 | . 6 . Largest Inventory Capacity 25 | . 25 25 Average Capacity 24 | . 24 25 Most Carried 20 | . 20 20 Average Carried 12 | . 12 20 Final Capacity 25 | 8 25 25 Final Carried 20 | 6 20 20 Class Distribution -------------------- 100% | Mutant Dominant Class ---------------- Mutant | -10/Materials Mutant | -10/Mines Resources | -11 -10 -10 ----------- Run | Jun Mat Min Matter Collected 622 | 185 437 . Remotely . | . . . Salvage Created 1094 | . 1094 . Parts 79 | . 79 . Haulers Intercepted 2 | . 2 . Recyclers Shooed 1 | . 1 . Parts Field Recycled . | . . . Retrieved Matter . | . . . Parts Self-Destructed . | . . . Prevented . | . . . Kills | -11 -10 -10 ------- Run | Jun Mat Min Combat Hostiles Destroyed 23 | . 23 . Guns 23 | . 23 . Classes Destroyed 8 | . 8 . Worker 2 | . 2 . Builder 1 | . 1 . Tunneler 1 | . 1 . Hauler 2 | . 2 . Operator 2 | . 2 . Watcher 3 | . 3 . Swarmer 6 | . 6 . Grunt 17 | . 17 . Best Kill Streak 6 | . 6 . Combat Bots Only 6 | . 6 . Max Kills in Single Turn 1 | . 1 . Gunslinging . | . . . Exploded . | . . . Melee . | . . . Uniques/NPCs Destroyed . | . . . Combat | -11 -10 -10 -------- Run | Jun Mat Min Damage Taken 1266 | . 998 268 Core 257 | . 186 71 Absorbed by Shields . | . . . Regen/Repaired (Parts) 136 | . 136 . Core Remaining (%) 100 | 100 . . Volleys Fired 120 | . 110 10 Largest 2 | . 2 2 Hottest 120 | . 120 60 Shots Fired 235 | . 216 19 Gun 233 | . 214 19 Cannon . | . . . Launcher . | . . . Special 2 | . 2 . Kinetic 117 | . 107 10 Thermal 103 | . 94 9 Explosive . | . . . Electromagnetic 15 | . 15 . Robot Hit Streak 14 | . 14 7 Robot Miss Streak 7 | . 7 2 Penetration Max . | . . . Secondary Targets 3 | . 3 . Max Gunslinging Chain 1 | . 1 . Shots Hit Robots 151 | . 137 14 Core Hits 61 | . 58 3 Critical Kills . | . . . Critical Parts Destroyed 1 | . 1 . Critical Strikes 1 | . 1 . Destroy 1 | . 1 . Melee Attacks . | . . . Impact . | . . . Slashing . | . . . Piercing . | . . . Sneak Attacks . | . . . Combat Hostiles . | . . . Follow-up Attacks . | . . . Damage Inflicted 1785 | . 1653 132 Guns 1740 | . 1608 132 Cannons . | . . . Explosions 45 | . 45 . Melee . | . . . Ramming . | . . . Kinetic 777 | . 721 56 Thermal 860 | . 784 76 Explosive . | . . . Electromagnetic 148 | . 148 . Impact . | . . . Slashing . | . . . Piercing . | . . . Highest Corruption . | . . . Average Corruption . | . . . Corruption Purged . | . . . Corruption Blocked . | . . . Overload Shots . | . . . Overflow Damage 15 | . 15 . Projectiles . | . . . Explosions 15 | . 15 . Melee . | . . . Knockbacks . | . . . Impact . | . . . Kinetic . | . . . Secondary . | . . . Self-Inflicted Damage . | . . . Shots . | . . . Rammed . | . . . Targets Rammed . | . . . Kicked . | . . . Crushed . | . . . Highest Temperature 181 | . 96 181 Average Temperature 48 | . 27 91 Received Heat Transfer 543 | . 387 156 Siege Activations . | . . . Robots Corrupted . | . . . Combat Hostiles . | . . . Parts Fried 1 | . 1 . Impact Corruptions . | . . . Robots Melted . | . . . Combat Hostiles . | . . . Parts Melted 2 | . 2 . Heat Transferred 2184 | . 2009 175 Parts Sabotaged . | . . . Parts Stolen . | . . . Parts Stripped . | . . . Power Chain Reactions 1 | . 1 . Missiles Intercepted . | . . . Alert | -11 -10 -10 ------- Run | Jun Mat Min Peak Influence 351 | . 351 44 Initial 29 | . . 29 Average 161 | . 163 42 Maximum Alert Level 1 | . 1 . Low Security (%) 62 | . 61 100 Level 1 37 | . 38 . Level 2 . | . . . Level 3 . | . . . Level 4 . | . . . Level 5 . | . . . High Security . | . . . Max Security . | . . . Squads Dispatched 7 | . 7 . Investigation 6 | . 6 . Extermination . | . . . Reinforcement 1 | . 1 . Assault . | . . . Garrison . | . . . Intercept . | . . . Searches Triggered . | . . . Construction Impeded . | . . . Haulers Reinforced . | . . . Active Scanning Responses . | . . . Cargo Convoy Interrupts . | . . . Stealth | -11 -10 -10 --------- Run | Jun Mat Min Distress Signals 2 | . 2 . Communications Jammed . | . . . Distress Signals . | . . . Times Spotted 38 | . 36 2 Peak Tracking Total 7 | . 7 2 Tactical Retreats 1 | . 1 . Traps | -11 -10 -10 ------- Run | Jun Mat Min Traps Triggered 3 | . 3 . Indirectly . | . . . Trap Hack Attempts 7 | . 7 . Triggered . | . . . Disarmed 1 | . 1 . Reprogrammed . | . . . Reused . | . . . Traps Extracted . | . . . Installed . | . . . Triggered . | . . . Machines | -11 -10 -10 ---------- Run | Jun Mat Min Machines Disabled 1 | . 1 . Max in Single Turn 1 | . 1 . Machines Repaired . | . . . Machines Sabotaged . | . . . Overloaded Fab Kills . | . . . Hacking | -11 -10 -10 --------- Run | Jun Mat Min Machines Accessed 8 | . 8 . Terminals 5 | . 5 . Fabricators . | . . . Repair Stations 1 | . 1 . Recycling Units 2 | . 2 . Scanalyzers . | . . . Garrison Access . | . . . Total Hacks 18 | . 18 . Successful 9 | . 9 . Failed 9 | . 9 . Catastrophic 3 | . 3 . Database Lockouts . | . . . Manual 14 | . 14 . Terminals 9 | . 9 . Fabricators . | . . . Repair Stations 2 | . 2 . Recycling Units 7 | . 7 . Scanalyzers . | . . . Garrison Access . | . . . Terminal Hacks 1 | . 1 . Unreport Threat 1 | . 1 . Fabricator Hacks . | . . . Repair Station Hacks 2 | . 2 . Scan Component 1 | . 1 . Repair 1 | . 1 . Recycling Unit Hacks 1 | . 1 . Retrieve Components 1 | . 1 . Scanalyzer . | . . . Garrison Access Hacks . | . . . Unauthorized Hacks 5 | . 5 . Terminals 3 | . 3 . Assimilate 2 | . 2 . Operators 1 | . 1 . Fabricators . | . . . Repair Stations . | . . . Recycling Units 2 | . 2 . Tunnel 2 | . 2 . Scanalyzers . | . . . Garrison Access . | . . . Data Cores Recovered . | . . . Used . | . . . Hacking Detections 6 | . 6 . Full Trace Events 1 | . 1 . Feedback Events . | . . . Feedback Blocked . | . . . Robot Schematics Acquired . | . . . Robots Built . | . . . Authchips . | . . . Time . | . . . Total Robot Build Rating . | . . . Part Schematics Acquired . | . . . Parts Built . | . . . Authchips . | . . . Time . | . . . Total Part Build Rating . | . . . Parts Repaired 1 | . 1 . Time 26 | . 26 . Parts Recycled . | . . . Recycled Matter . | . . . Retrieved Matter . | . . . Retrieved Components 9 | . 9 . Parts Scanalyzed . | . . . Part Schematics Acquired . | . . . Parts Damaged . | . . . Bothacking | -11 -10 -10 ------------ Run | Jun Mat Min Used RIF Installer . | . . . Robots Hacked . | . . . Non-combat . | . . . Combat . | . . . Robot Hacks Applied . | . . . Relay Couplers Released . | . . . Fabnet Peak Effective % . | . . . Robots Rewired . | . . . Allies Hacked . | . . . Hacks Repelled . | . . . Allies | -11 -10 -10 -------- Run | Jun Mat Min Total Allies 1 | . 1 . Largest Group 1 | . 1 . Highest-Rated Group 10 | . 10 . Highest-Rated Ally 10 | . 10 . Total Orders . | . . . Ally Attacks . | . . . Total Damage . | . . . Kills . | . . . Allies Corrupted . | . . . Allies Melted . | . . . Intel | -11 -10 -10 ------- Run | Jun Mat Min Robot Analysis Total . | . . . Derelict Logs Recovered . | . . . Drone Launches . | . . . Drone Recoveries . | . . . Exploration | -11 -10 -10 ------------- Run | Jun Mat Min Turns Passed 1811 | . 1785 26 Spaces Moved 669 | 1 668 . Core . | . . . Treads 8 | . 8 . Legs 52 | 1 51 . Wheels 609 | . 609 . Hover . | . . . Flight . | . . . Fastest Speed 120 | 120 120 . Average Speed 191 | 120 191 . Slowest Speed 320 | 120 320 . Overloaded Moves . | . . . Propulsion Burnouts . | . . . Robots Hopped . | . . . Cave-ins Triggered . | . . . Exploration Rate (%) 31 | 2 90 3 Regions Visited 2 Branch Regions 1 Pre-discovered Areas 2 | . 2 . Known Exits Taken . | . . . Unknown Exits Taken 2 | 1 1 . Scrap Searched . | . . . Spaces Dug 2 | . 2 . Terrain Destroyed 8 | . 8 . Melee . | . . . Projectile 2 | . 2 . AOE 6 | . 6 . Terrain Rammed . | . . . Walls Destroyed . | . . . Machines Disabled . | . . . Actions | -11 -10 -10 --------- Run | Jun Mat Min Total 970 | . 960 10 Wait 125 | . 125 . Move 667 | . 667 . Hop . | . . . Pick Up 22 | . 22 . Fast Attach 7 | . 7 . Attach 8 | . 8 . Detach . | . . . Swap 7 | . 7 . Drop 7 | . 7 . Fire 120 | . 110 10 Melee . | . . . Ram . | . . . Kick . | . . . Crush . | . . . Escape Stasis . | . . . Rewire . | . . . Trap 7 | . 7 . Miscellaneous . | . . . Route ------- -11/Junkyard -10/Materials (discovered 4 exits: [*Mat x3] / [*Min]) -10/Mines History --------- Turn | Location | Event 1 | -11/Junkyard | Discovered new exit (range 0) 1 | -11/Junkyard | Entered Materials 276 | -10/Materials | Discovered new exit (range 9) 316 | -10/Materials | Build established: Mutant 430 | -10/Materials | Repaired Lgt. Treads 725 | -10/Materials | Discovered new exit (range 12) 1255 | -10/Materials | Discovered new exit (range 11) 1282 | -10/Materials | Core integrity fell below 50% 1716 | -10/Materials | Discovered new exit (range 16) 1786 | -10/Materials | Entered Mines 1797 | -10/Mines | Core integrity fell below 20% 1812 | -10/Mines | Destroyed by G-47 Trooper with Particle Gun Last Messages --------------- 01578_ Acquired Wheel. 01583_ Acquired 10 matter. 01646_ T-07 Excavator destroyed. 01649_ W-16 Scout destroyed. 01654_ Acquired 7 matter. 01658_ Acquired Sensor Array. 01677_ Acquired Wheel. 01678_ Acquired 1 matter. 01696_ Acquired Flight Unit. 01702_ Connecting with Terminal... >>Alert(Purge) Purged threat record, alert level lowered. 01716_ EXIT=FOUND 01718_ Connecting with Terminal... 01770_ K-01 Serf cleans the Integration Channel. LOCATION=UNKNOWN GOAL=ESCAPE Something is scanning the area. 01810_ Sml. Laser destroyed. 01811_ G-47 Trooper heat spikes uncontrollably. Map ----- +----------------------------------------------------+ | ?????????????????????????????????????????????????? | | ?????????????????????????????????????????????????? | | ?????????????????????????????????????????????????? | | ?????????????????????????????????????????????????? | | ?????????????????????????????????????????????????? | | ?????????????????????????????????????????????????? | | ?????????????????????????????????????????????????? | | ?????????????????????????????????????????????????? | | ?????????????????????????????????????????????????? | | ?????????????????????????????????????????????????? | | ?????????????????????????????????????????????????? | | ?????????????????????????????????????????????????? | | ?????????????????????????????????????????????????? | | ?????????????????????????????????????????????????? | | ?????????????????????????????????????????????????? | | ?????????????????????????????????????????????????? | | ?????????????????????????????????????????????????? | | ?????????????????????????????????????????????????? | | ?????????????????????????????????????????????????? | | ??????????????????????########???????????????????? | | ??????????????????????# """ #???????????????????? | | ??????????????????????# """ #???????????????????? | | ??????????????????????# """ #???????????????????? | | ??????????????????????# gg#???????????????????? | | ??????????????????????# #???????????????????? | | ??????????????????????# @ #???????????????????? | | ????????????????? $ #???????????????????? | | ????????????????####### #???????????????????? | | ??????????????????????########???????????????????? | | ?????????????????????????????????????????????????? | | ?????????????????????????????????????????????????? | | ?????????????????????????????????????????????????? | | ?????????????????????????????????????????????????? | | ?????????????????????????????????????????????????? | | ?????????????????????????????????????????????????? | | ?????????????????????????????????????????????????? | | ?????????????????????????????????????????????????? | | ?????????????????????????????????????????????????? | | ?????????????????????????????????????????????????? | | ?????????????????????????????????????????????????? | | ?????????????????????????????????????????????????? | | ?????????????????????????????????????????????????? | | ?????????????????????????????????????????????????? | | ?????????????????????????????????????????????????? | | ?????????????????????????????????????????????????? | | ?????????????????????????????????????????????????? | | ?????????????????????????????????????????????????? | | ?????????????????????????????????????????????????? | | ?????????????????????????????????????????????????? | | ?????????????????????????????????????????????????? | +----------------------------------------------------+ Best States ------------- Heat Dissipation 39 Energy Generation 10 Energy Capacity 250 Matter Stores 300 Matter Capacity 300 Sight Range 16 Terrain Scan Density 10 Evasion (%) 55 Recoil Reduction 2 Item Schematics ----------------- None Robot Schematics ------------------ None Fabricated ------------ Nothing Alien Tech Used ----------------- None Achievements -------------- None Challenges ------------ None Game ------ Seed AluminumImpulseLance Manual? 0 Play Time 00:09:48 Cumulative 239.1 hours Start 2023.03.22 @ 22:23:56 End 2023.03.22 @ 22:33:49 Sessions 1 Manual Loads 0 Difficulty Rogue Special Mode None Game No. 310 Rogue 310 Adventurer 0 Explorer 0 Win Type - Total 6 Types 1/1/3/0/0/0/1/0/0 Lore% 80 Gallery% 86 Achievement% 68 Wizard Run 0 Options --------- ASCII 0 Keyboard 0 Movement Numpad Keybinds 0 Fullscreen 2 Font 18/SmallcapsGlow Map View 76x50 Tactical HUD 1 Map Filters NONE Filters NONE Steam 1 RUN: 9e323d31-9edc-404e-96e5-19a8de195e84